 Dungeon Crawl Stone Soup version 0.18.1-50-g88ac8fd (webtiles) character file.

116 pichaelthompson the Sneak (level 5, -3/26 HPs)
             Began as a Vine Stalker Assassin on Oct 26, 2016.
             Was an Initiate of the Shining One.
             Slain by a gnoll
             ... wielding a +0 flail
              (8 damage)
             ... on level 4 of the Dungeon.
             The game lasted 00:14:20 (2726 turns).

pichaelthompson the Sneak (Vine Stalker Assassin)   Turns: 2726, Time: 00:14:21

Health: -3/26      AC:  6    Str: 14    XL:     5   Next: 1%
Magic:  0/6        EV: 13    Int: 11    God:    the Shining One [......]
Gold:   172        SH:  0    Dex: 16    Spells: 0 memorised, 4 levels left

rFire  . . .     SeeInvis .     a - +2 dagger
rCold  . . .     Gourm    .     l - +2 robe {MR+}
rNeg   . . .     Faith    .     (no shield)
rPois  +         Spirit   +     w - +0 helmet
rElec  .         Dismiss  .     d - +0 cloak
rCorr  .         Reflect  .     (no gloves)
SustAt .         Harm     .     (no boots)
MR     +....                    (no amulet)
Stlth  ++........               (no ring)
                                u - ring of poison resistance

@: glowing, somewhat resistant to hostile enchantments, unstealthy
A: fangs 2, regeneration 1, magic shield, antimagic bite, no device heal 3, rot
immunity
a: Renounce Religion


You were on level 4 of the Dungeon.
You worshipped the Shining One.
The Shining One was noncommittal.
You were not hungry.

You visited 1 branch of the dungeon, and saw 4 of its levels.

You collected 172 gold pieces.

Inventory:

Hand Weapons
 a - a +2 dagger (weapon)
 b - a +0 blowgun
 x - a +1 whip of venom
Missiles
 e - 8 poisoned needles
 f - 2 curare-tipped needles
 h - 160 stones (quivered)
Armour
 d - a +0 cloak (worn)
 i - a +0 scale mail
 l - a +2 robe of magic resistance (worn)
 s - a +0 leather armour
 v - a +0 chain mail
 w - a +0 helmet (worn)
Jewellery
 u - a ring of poison resistance (left hand)
Scrolls
 c - a scroll of blinking {unknown}
 k - 7 scrolls of remove curse
 n - 3 scrolls of recharging
 r - a scroll of enchant armour {unknown}
Potions
 j - 2 potions of heal wounds {unknown}
 m - 3 potions of lignification {unknown}
 o - a potion of might {unknown}
 p - a potion of brilliance {unknown}
 q - a potion of mutation {unknown}
Comestibles
 g - 2 bread rations
 t - a meat ration


   Skills:
 + Level 2.2 Fighting
 + Level 2.1 Short Blades
 + Level 1.9 Throwing
 + Level 2.5 Dodging
 + Level 5.8 Stealth


You had 4 spell levels left.
You didn't know any spells.

Dungeon Overview and Level Annotations

Branches:
Dungeon (4/15)
 Temple: D:4-7

Altars:
The Shining One


Innate Abilities, Weirdness & Mutations

You have extremely sharp teeth.
Your natural rate of healing is unusually fast.
When hurt, damage is shared between your health and your magic reserves.
Your bite disrupts and absorbs the magic of your enemies.
Potions and wands cannot restore your health.
You are immune to rotting.


Message History

The jackal barely misses you.
The jackal bites you but does no damage.
You completely miss the jackal. You bite the jackal. You drain its power.
You kill the jackal!
The gnoll hits you with a flail!
You see here 7 gold pieces.
You hit the gnoll but do no damage. You bite the gnoll, but do no damage.
The gnoll closely misses you.
You hit the gnoll.
The gnoll is lightly wounded.
The gnoll closely misses you.
You hit the gnoll. You bite the gnoll. You drain its power.
You feel invigorated.
The gnoll is severely wounded.
The gnoll hits you with a flail!
* * * LOW HITPOINT WARNING * * *
You hit the gnoll. Your bite misses the gnoll.
The gnoll is almost dead.
The gnoll hits you with a flail!
You die...

######++++############
......................
≈≈≈≈≈≈....≈≈≈≈≈≈≈≈≈≈≈≈
≈≈≈≈≈≈....≈≈≈≈≈≈≈≈≈≈≈≈
≈≈≈≈≈≈....≈≈≈≈≈≈≈≈≈≈≈≈
.......$g.............
.......@.....††.......
.............<..######
..........###<...#
..............##.#
..........##### ...
#...#...... ####
......##.#.. ......
#.##.#


You could see a gnoll.

Vanquished Creatures
  Robin (D:3)
  A gnoll (D:4)
  2 adders
  An ooze (D:1)
  A worm (D:3)
  A dart slug (D:2)
  2 giant geckos (D:1)
  An orc (D:3)
  8 bats
  3 giant cockroaches
  14 goblins
  7 hobgoblins
  4 jackals (D:4)
  5 kobolds
  2 quokkas (D:2)
  2 ball pythons (D:3)
  A giant newt (D:1)
  6 rats
62 creatures vanquished.

Notes
Turn   | Place    | Note
--------------------------------------------------------------
     0 | D:1      | pichaelthompson the Vine Stalker Assassin began the quest for the Orb.
     0 | D:1      | Reached XP level 1. HP: 11/11 MP: 2/2
   112 | D:1      | Reached skill level 5 in Stealth
   134 | D:1      | Reached XP level 2. HP: 11/15 MP: 3/3
   174 | D:1      | Reached skill level 1 in Dodging
   510 | D:1      | Reached XP level 3. HP: 15/18 MP: 4/4
  1597 | D:2      | Reached XP level 4. HP: 23/23 MP: 5/5
  2453 | D:3      | Noticed Robin
  2524 | D:3      | Killed Robin
  2603 | D:3      | Found a glowing golden altar of the Shining One.
  2632 | D:3      | Became a worshipper of the Shining One
  2705 | D:4      | Reached XP level 5. HP: 14/26 MP: 6/6
  2726 | D:4      | Slain by a gnoll

Skill      XL: |  1  2  3  4 |
---------------+-------------+-----
Stealth        | 5 |  5.8
Dodging        | 1 2 |  2.5
Fighting       | 2 |  2.2
Short Blades   | 2 |  2.1
Throwing       | |  1.9

Action                   |  1- 3 |  4- 6 || total
-------------------------+-------+-------++-------
Melee: Dagger            |    86 |    89 ||   175
       Bite              |    19 |    39 ||    58
Throw: Stone             |     2 |       ||     2
  Use: Scroll            |     1 |     3 ||     4
 Stab: Sleeping          |     9 |       ||     9
  Eat: Bread ration      |       |     1 ||     1
       Chunk             |       |     1 ||     1
Armor: Robe              |    50 |    29 ||    79
Dodge: Dodged            |    92 |    70 ||   162
